AoeStats
← Marcelito1215

Lombardia

510228395Analyzed
4v4 RM · 9h ago on Sep 30, 2026· 77m 0s· 8 players
Game mode
Random Map
Map size
Large (8 player)
Population
200
Speed
Normal
Resources
Standard
Victory
Conquest
Starting age
Dark Age
Ending age
Imperial Age
RankedLock teamsTeams togetherTeam positionsShared explorationLock speedFull tech treeHidden civsTurbo modeCheats
Victory
Defeat
🇲🇽 Saxons · Mexico
883
+16
🇨🇴 Turks · Colombia
861
+17
🇨🇴 Danes · Colombia
861
+17
🇵🇪 Japanese · Peru
839
+18
🇦🇷 Mapuche · Argentina
911
-19
🇦🇷 Magyars · Argentina
902
-44
🇦🇷 Britons · Argentina
884
-17
🇦🇷 Persians · Argentina
801
-14
MIGBAL2229
0:32 Loom
12:17 Feudal Age
13:21 Double-Bit Axe
13:18 Horse Collar
17:00 Wheelbarrow
18:32 Castle Age
17:43 Stone Mining
25:19 Forging
26:52 Ballistics
26:40 Squires
28:06 Scale Mail Armor
32:36 Wheelbarrow
33:59 Hand Cart
38:04 Imperial Age
35:33 Hamask
37:40 Iron Casting
39:51 Blast Furnace
39:51 Bow Saw
39:44 Heavy Plow
39:26 Elite Varangian Guard
40:43 Conscription
41:00 Onager
41:05 Northmen's Fury
44:37 Siege Onager
48:16 Chemistry
49:14 Gambesons
50:27 Caravan
51:26 Capped Ram
53:26 Siege Ram
57:09 Town Watch
70:30 Chain Mail Armor
71:53 Spies/Treason
HOO LEE SHEET
0:27 Loom
12:40 Feudal Age
15:26 Wheelbarrow
14:38 Double-Bit Axe
14:43 Horse Collar
20:26 Castle Age
18:55 Gold Mining
19:02 Stone Mining
20:44 Arson
21:23 Hand Cart
21:22 Bow Saw
22:56 Squires
22:42 Gambesons
24:15 Forging
24:06 Scale Mail Armor
24:24 Squires
26:07 Gold Shaft Mining
26:03 Fletching
27:32 Caravan
27:59 Fortified Wall
32:58 Iron Casting
32:22 Bodkin Arrow
34:06 Town Watch
37:02 Imperial Age
35:15 Gold Shaft Mining
36:33 Treadmill Crane
37:15 Ballistics
36:52 Murder Holes
38:07 Conscription
37:08 Shield Wall
37:12 Elite Varangian Guard
38:10 Chain Mail Armor
39:14 Chemistry
38:06 Guard Tower
38:02 Arrowslits
40:09 Plate Mail Armor
39:40 Bracer
41:22 Elite Hearth Troop
45:01 Heavy Plow
46:02 Two-Man Saw
45:53 Pikeman
48:58 Keep
49:02 Town Patrol
52:13 Halberdier
54:01 Siege Engineers
65:08 Crop Rotation
68:00 Hoardings
67:39 Masonry
70:34 Spies/Treason
72:55 Architecture
forcepimps
15:10 Feudal Age
20:29 Castle Age
18:31 Double-Bit Axe
30:48 Padded Archer Armor
30:39 Fletching
30:58 Gold Mining
31:21 Stone Mining
34:31 Imperial Age
33:44 Fortified Wall
33:59 Leather Archer Armor
33:40 Bodkin Arrow
37:30 Elite Janissary
39:54 Ballistics
39:31 Murder Holes
42:34 Treadmill Crane
43:22 Conscription
43:38 Ring Archer Armor
45:00 Horse Collar
46:53 Bow Saw
47:49 Gold Shaft Mining
48:59 Wheelbarrow
49:17 Artillery
49:51 Bracer
50:29 Hand Cart
CyberNinjaX
12:32 Feudal Age
16:05 Wheelbarrow
16:16 Double-Bit Axe
16:59 Loom
19:38 Castle Age
22:13 Bow Saw
23:39 Hand Cart
25:50 Forging
25:10 Elite Skirmisher
28:03 Horse Collar
29:00 Heavy Plow
37:15 Imperial Age
35:15 Town Watch
37:04 Town Patrol
37:51 Treadmill Crane
39:13 Chemistry
38:34 Ballistics
40:57 Iron Casting
40:23 Padded Archer Armor
40:14 Fletching
40:25 Scale Mail Armor
43:00 Leather Archer Armor
44:38 Bodkin Arrow
45:14 Ring Archer Armor
48:07 Two-Man Saw
47:29 Bracer
47:27 Gold Mining
48:14 Capped Ram
51:53 Elite Samurai
52:54 Conscription
52:39 Yasama
53:54 Blast Furnace
53:09 Chain Mail Armor
52:17 Pikeman
55:34 Halberdier
60:42 Squires
60:28 Arson
61:17 Plate Mail Armor
71:11 Caravan
75:16 Spies/Treason
Marcelito1215
7:12 Loom
12:40 Feudal Age
13:41 Double-Bit Axe
13:40 Horse Collar
18:22 Castle Age
18:16 Wheelbarrow
17:27 Town Watch
17:42 Gold Mining
22:24 Bow Saw
26:23 Town Patrol
26:39 Hand Cart
29:22 Gold Shaft Mining
28:37 Stone Mining
29:31 Ballistics
33:04 Imperial Age
33:30 Kamandaran
33:51 Conscription
35:47 Chemistry
38:56 Elite War Elephant
42:05 Citadels
46:39 Forging
46:30 Scale Mail Armor
46:36 Scale Barding Armor
46:21 Fletching
46:32 Padded Archer Armor
48:38 Bloodlines
47:49 Light Cavalry
48:30 Husbandry
51:14 Hussar
56:03 Iron Casting
55:48 Chain Barding Armor
55:25 Bodkin Arrow
66:08 Plate Barding Armor
Brillantina6279
3:51 Loom
14:07 Feudal Age
16:35 Double-Bit Axe
16:56 Horse Collar
18:03 Wheelbarrow
19:42 Scale Barding Armor
20:47 Scale Mail Armor
23:50 Castle Age
24:45 Husbandry
24:55 Bloodlines
24:06 Light Cavalry
26:34 Gold Mining
26:35 Stone Mining
27:01 Bow Saw
33:14 Heated Shot
33:48 Ballistics
36:07 Imperial Age
35:24 Gold Shaft Mining
39:46 Chemistry
38:31 Heavy Scorpion
42:27 Heavy Plow
42:09 Cavalier
53:31 Corvinian Army
53:32 Recurve Bow
53:38 Paladin
56:56 Caravan
61:16 Elite Magyar Huszar
64:09 Hussar
66:39 Hand Cart
66:09 Town Watch
Don Ramon
11:31 Feudal Age
12:37 Double-Bit Axe
15:49 Loom
18:21 Castle Age
17:47 Horse Collar
19:55 Gold Mining
20:16 Bow Saw
20:52 Crossbowman
22:25 Fletching
22:36 Padded Archer Armor
25:16 Wheelbarrow
25:05 Ballistics
26:30 Gold Shaft Mining
25:48 Stone Mining
27:41 Bodkin Arrow
28:01 Leather Archer Armor
28:57 Hand Cart
29:03 Heavy Plow
33:19 Imperial Age
33:54 Town Watch
34:13 Bracer
34:28 Leather Archer Armor
33:37 Arbalester
37:06 Chemistry
35:52 Treadmill Crane
36:16 Heated Shot
36:12 Arrowslits
36:46 Town Patrol
37:16 Yeomen
37:41 Elite Longbowman
40:42 Caravan
40:57 Guilds
41:56 Hoardings
47:03 Ring Archer Armor
47:18 Onager
50:00 Two-Man Saw
sdp
7:31 Loom
10:10 Feudal Age
13:56 Castle Age
13:39 Double-Bit Axe
14:31 Stone Mining
20:01 Wheelbarrow
23:10 Forging
22:58 Horse Collar
24:22 Scale Mail Armor
25:28 Bow Saw
28:07 Town Watch
30:09 Fletching
30:19 Padded Archer Armor
31:51 Bodkin Arrow
32:11 Leather Archer Armor
35:00 Imperial Age
33:33 Town Patrol
34:05 Heavy Plow
33:58 Gold Mining
35:12 Heavy Plow
36:29 Iron Casting
36:37 Elite Bolas Rider
37:54 Ballistics
38:36 Chemistry
40:02 Ring Archer Armor
44:14 Butalmapu
44:13 Malon
44:34 Conscription
45:12 Gold Shaft Mining
45:07 Crop Rotation
48:18 Masonry
49:20 Chain Mail Armor
49:40 Iron Casting
49:27 Hand Cart
49:44 Architecture
50:40 Elite Kona
52:47 Blast Furnace
52:18 Plate Mail Armor
54:03 Hoardings
60:09 Siege Engineers
62:57 Caravan
Connection lost

Rejoining the realm…

Still unreachable

The connection could not be restored.

Session expired

The server has moved on; the page needs a fresh start.